 Dungeon Crawl Stone Soup version 0.23-a0-182-g58cdd98 (console) character file.

336 nht the Ruffian (level 6, -14/54 HPs)
             Began as a Troll Transmuter on Sept 20, 2018.
             Was a Follower of the Shining One.
             Splashed by Ijyb's acid (17 damage)
             ... on level 3 of the Dungeon.
             The game lasted 00:02:40 (1774 turns).

nht the Ruffian (Troll Transmuter)                  Turns: 1774, Time: 00:02:40

Health: -14/54     AC:  1    Str: 19    XL:     6   Next: 28%
Magic:  6/6        EV: 10    Int: 11    God:    the Shining One [*.....]
Gold:   175        SH:  0    Dex: 10    Spells: 6/7 levels left

rFire    . . .     SeeInvis .     - Unarmed
rCold    . . .     Gourm    +   (no shield)
rNeg     . . .     Faith    .   b - +0 robe
rPois    .         Spirit   .   (helmet restricted)
rElec    .         Reflect  .   (no cloak)
rCorr    .         Harm     .   (gloves unavailable)
MR       .....                  (boots unavailable)
Stlth    +.........             (no amulet)
HPRegen  0.58/turn              (no ring)
MPRegen  0.10/turn              (no ring)

@: corroded, glowing
A: large, unfitting armour, claws 3, fast metabolism 3, gourmand, regeneration
1, shaggy fur 1, tough skin 2
a: Renounce Religion


You were on level 3 of the Dungeon.
You worshipped the Shining One.
The Shining One was aware of your devotion.
You were completely stuffed.

You visited 1 branch of the dungeon, and saw 3 of its levels.

You collected 175 gold pieces.

Inventory:

Missiles
 e - 5 tomahawks (quivered)
 l - 4 javelins
Armour
 b - a +0 robe (worn)
Scrolls
 a - a scroll of identify {unknown}
 c - a scroll of teleportation
 i - a scroll of noise {unknown}
 j - a scroll of random uselessness {unknown}
 k - a scroll of enchant armour {unknown}
Potions
 f - 2 potions of curing
 g - 2 potions of haste
Comestibles
 d - 8 rations
 h - 23 chunks of flesh


   Skills:
 - Level 0.7 Fighting
 - Level 1.5 Dodging
 * Level 7.1 Unarmed Combat
 - Level 1.2 Spellcasting
 - Level 1.3 Transmutations


You had 6 spell levels left.
You knew the following spells:

 Your Spells              Type           Power        Failure   Level  Hunger
a - Beastly Appendage     Tmut           #.....       19%         1    ##.....

Your spell library contained the following spells:

 Spells                   Type           Power        Failure   Level  Hunger
 Sticks to Snakes         Tmut           #.......     26%         2    ###....
 Spider Form              Tmut/Pois      #.........   56%         3    ####...
 Ice Form                 Ice/Tmut       #.......     93%         4    #####..
 Blade Hands              Tmut           #.........   99%         5    ######.


Dungeon Overview and Level Annotations

Branches:
Dungeon (3/15)

Altars:
The Shining One

Annotations:
D:3 1 runed door, Ijyb; Natasha; Terence; Voker57's ghost, amateur DsAK


Innate Abilities, Weirdness & Mutations

You are too large for most types of armour.
You have claws for hands.
Your metabolism is lightning-fast.
You like to eat raw meat.
Your natural rate of healing is unusually fast.
You are covered in fur. (AC +1)
You have very tough skin. (AC +2)


Message History

No target in view!
Ijyb the Twisted Goblin comes into view.
She is wielding a club.
Ijyb shouts!
The gnoll shouts!
You hear a shout!
You hear an angry hiss.
A gnoll and Natasha come into view.
Natasha hisses angrily.
Ijyb zaps a wand.
The bolt of acid hits you!
You are splashed with acid!
The acid burns!
* * * LOW HITPOINT WARNING * * *
It is a wand of acid (11).
There are monsters nearby!
A gnoll comes into view. It is wielding a whip.
The gnoll shouts!
Ijyb throws a stone.
The stone hits you.
* * * LOW HITPOINT WARNING * * *
You see here a stone.
There are monsters nearby!
Ijyb zaps a wand.
The bolt of acid hits you!
* * * LOW HITPOINT WARNING * * *
The acid corrodes you!
You are splashed with acid!
The acid burns!
You die...

....... █...[....
..$........█ █........
...........█████........
........................
.........[..............
.....g............)......
..................))...█..
.......................███
......g.g@(.......)))..███
[......h.....██████))..█..
....g.....†..█ █.......
.............█ █.......
........)†)..█ █.[.....
.........)...█ █████...
......)......█ █......
.............█ █...█..
.............█ █...█..


You could see Ijyb, Natasha and 3 gnolls.

Vanquished Creatures
  2 orc priests (D:3)
  A bullfrog skeleton (D:3)
  Jessica (D:3)
  Natasha (twice) (D:3)
  An orc wizard (D:3)
  A gnoll (D:3)
  2 adders
  A shadow imp (D:2)
  An ooze (D:2)
  A worm (D:3)
  2 dart slugs
  A leopard gecko (D:3)
  21 orcs (D:3)
  4 giant cockroaches
  6 goblins
  13 hobgoblins
  3 jackals (D:3)
  A quokka (D:2)
  A ball python (D:2)
  7 bats
  4 frilled lizards
  3 kobolds
  7 rats
86 creatures vanquished.

Notes
Turn   | Place    | Note
-------+----------+-------------------------------------------
     0 | D:1      | nht the Troll Transmuter began the quest for the Orb.
     0 | D:1      | Reached XP level 1. HP: 18/18 MP: 1/1
   392 | D:1      | Reached XP level 2. HP: 26/26 MP: 2/2
   572 | D:1      | Reached skill level 4 in Unarmed Combat
   991 | D:2      | Reached XP level 3. HP: 21/32 MP: 3/3
  1361 | D:2      | Reached XP level 4. HP: 40/40 MP: 4/4
  1449 | D:3      | Found a runed door.
  1449 | D:3      | Noticed a bullfrog
  1449 | D:3      | Noticed Voker57's ghost (amateur DsAK)
  1457 | D:3      | Reached skill level 5 in Unarmed Combat
  1469 | D:3      | Noticed Natasha
  1495 | D:3      | Killed Natasha
  1495 | D:3      | Reached XP level 5. HP: 46/46 MP: 5/5
  1502 | D:3      | Reached skill level 6 in Unarmed Combat
  1544 | D:3      | Found a faded altar of an unknown god.
  1555 | D:3      | Became a worshipper of the Shining One
  1555 | D:3      | Reached * piety under the Shining One
  1655 | D:3      | Noticed Natasha
  1671 | D:3      | Killed Natasha
  1680 | D:3      | Reached XP level 6. HP: 21/54 MP: 6/6
  1712 | D:3      | Reached skill level 7 in Unarmed Combat
  1715 | D:3      | Noticed Jessica
  1717 | D:3      | Noticed Terence
  1723 | D:3      | Killed Jessica
  1771 | D:3      | Noticed Ijyb
  1772 | D:3      | Noticed Natasha
  1774 | D:3      | Splashed by Ijyb's acid

Vault maps used:
D:1:      onia_arrival_mini_maze_b
D:2:      first_ration
D:3:      ebering_ghost_sewer_f, chequers_ecumenical_altar_simple_redux,
          uniq_ijyb, uniq_natasha, uniq_jessica, uniq_terence

Skill      XL: |  1  2  3  4  5  6 |
---------------+-------------------+-----
Unarmed Combat | 4 5 6 7 |  7.1
Fighting       | |  0.7
Dodging        | |  1.5
Spellcasting   | |  1.2
Transmutations | |  1.3

Action                   |  1- 3 |  4- 6 || total
-------------------------+-------+-------++-------
Melee: Unarmed           |   103 |    92 ||   195
       Punch             |     1 |     1 ||     2
  Use: Potion            |       |     3 ||     3
       Scroll            |       |     1 ||     1
 Stab: Sleeping          |     2 |       ||     2
  Eat: Chunk             |    18 |     4 ||    22
Armor: Robe              |    37 |    14 ||    51
       Skin              |       |    24 ||    24
Dodge: Dodged            |    54 |    33 ||    87

Table legend:
 A = Non-vault XP
 B = Vault XP
 C = Vault XP percentage of total XP
 D = Non-vault monster count
 E = Vault monster count
 F = Vault count percentage of total count
                 A         B        C        D         E       F
            +---------+---------+-------+---------+---------+-------
      Total |     408 |      73 |  15.2 |      84 |       2 |   2.3
            +---------+---------+-------+---------+---------+-------
        D:1 |      35 |       0 |   0.0 |      20 |       0 |   0.0
        D:2 |      62 |       0 |   0.0 |      22 |       0 |   0.0
        D:3 |     311 |      73 |  19.0 |      42 |       2 |   4.5
            +---------+---------+-------+---------+---------+-------
